 Dungeon Crawl Stone Soup version 0.25.1-2-g60ff931df9 (webtiles) character file.

Game seed: 10584754608609050856

8192 Garessta the Lightning Rod (level 11, 0/90 HPs)
             Began as a Demonspawn Gladiator on Oct 15, 2020.
             Was a Follower of Qazlal.
             Incinerated by a deep elf mage (3 damage)
             ... with a sticky flame
             ... on level 10 of the Dungeon.
             The game lasted 00:36:16 (14329 turns).

Garessta the Lightning Rod (Demonspawn Gladiator)  Turns: 14329, Time: 00:36:16

Health: 0/90       AC: 17    Str: 18      XL:     11   Next: 6%
Magic:  15/18      EV:  7    Int: 10      God:    Qazlal [*.....]
Gold:   429        SH:  2    Dex: 13 (14) Spells: 10/10 levels left

rFire    . . .     SeeInvis +   a - +4 long sword
rCold    . . .     Gourm    .   (no shield)
rNeg     . . .     Faith    .   w - +0 plate armour
rPois    .         Spirit   .   c - +0 helmet
rElec    .         Reflect  .   u - +0 cloak
rCorr    .         Harm     .   (no gloves)
MR       .....                  (no boots)
Stlth    ..........             (no amulet)
HPRegen  0.25/turn              (no ring)
MPRegen  0.16/turn              b - ring of see invisible

@: liquid flames, glowing
A: hooves 1, slimy green scales 1, demonic guardian 1, deterioration 1, rot
immunity
a: Renounce Religion


You were on level 10 of the Dungeon.
You worshipped Qazlal.
Qazlal was aware of your devotion.
You were very hungry.

You visited 2 branches of the dungeon, and saw 11 of its levels.

You collected 549 gold pieces.
You spent 120 gold pieces at shops.

Inventory:

Hand Weapons
 a - a +4 long sword (weapon)
Missiles
 A - 6 boomerangs (quivered)
Armour
 c - a +0 helmet (worn)
 u - a +0 cloak (worn)
 w - a +0 plate armour (worn)
Jewellery
 b - a ring of see invisible (right hand)
 g - an uncursed ring of protection from fire
 h - a +4 ring of protection
 k - an uncursed ring of flight
 s - an uncursed ring of protection from cold
Wands
 z - a wand of iceblast (11)
Scrolls
 e - 3 scrolls of teleportation
 i - a scroll of identify
 l - 2 scrolls of random uselessness {unknown}
 m - a scroll of amnesia {unknown}
 n - a scroll of fear
 q - 2 scrolls of immolation {unknown}
 r - 7 scrolls of remove curse
 t - 3 scrolls of fog
 y - 2 scrolls of magic mapping {unknown}
 B - a scroll of enchant armour {unknown}
Potions
 d - a potion of stabbing
 j - 2 potions of brilliance
 o - 2 potions of berserk rage
 p - a potion of resistance {unknown}
 v - a potion of magic
 x - 2 potions of curing
 C - a potion of might {unknown}
 D - a potion of ambrosia {unknown}
Comestibles
 f - 16 rations


   Skills:
 + Level 10.0 Fighting
 + Level 8.5 Long Blades
 - Level 1.7 Throwing
 + Level 7.1 Armour
 - Level 2.8 Dodging
 + Level 10.1 Invocations


You had 10 spell levels left.
You didn't know any spells.
Your spell library contained the following spells:

 Spells                   Type           Power        Failure   Level  Hunger
 Foxfire                  Conj/Fire      #...         100%        1    ##.....
 Freeze                   Ice            #...         100%        1    ##.....
 Conjure Flame            Conj/Fire      #.......     100%        3    ####...
 Frozen Ramparts          Ice            #.....       100%        3    ####...
 Inner Flame              Hex/Fire       #.......     100%        3    ####...
 Ozocubu's Armour         Chrm/Ice       #.......     100%        3    ####...
 Hailstorm                Conj/Ice       #.......     100%        4    #####..
 Sticky Flame             Conj/Fire      #.......     100%        4    #####..
 Summon Ice Beast         Ice/Summ       #.......     100%        4    #####..
 Fireball                 Conj/Fire      #.........   100%        5    ######.


Dungeon Overview and Level Annotations

Branches:
Dungeon (10/15)            Temple (1/1) D:5            Lair (0/6) D:9
    Orc (0/2) D:9

Altars:
Ashenzari
Cheibriados
Dithmenos
Elyvilon
Fedhas
Gozag
Hepliaklqana
Kikubaaqudgha
Makhleb
Okawaru
Qazlal
Ru
Sif Muna
Trog
Uskayaw
Vehumet
Wu Jian
Xom
Yredelemnul
Zin
The Shining One
Beogh

Shops:
D:7 !   D:9 %


Innate Abilities, Weirdness & Mutations

You have large cloven feet.
You are partially covered in slimy green scales. (AC +2)
A weak demonic guardian rushes to your aid.
You are immune to rotting.
Your body sometimes deteriorates upon taking damage.


Message History

The deep elf mage blinks!
Your shadow imp disappears in a puff of smoke!
The deep elf mage casts a spell at you.
The sticky flame hits you but does no damage.
You are covered in liquid flames!
You slice the deep elf mage!!
You kill the deep elf mage!
Qazlal accepts your kill.
The fire elemental disappears in a puff of smoke!
You are covered in liquid flames!
* * * LOW HITPOINT WARNING * * *
You are covered in liquid flames!
* * * LOW HITPOINT WARNING * * *
Items here: ) ? [ † the +7 sceptre of Torment {pain, torment} a cursed -1 leather armour; a scroll of identify; an elf corpse You are covered in liquid flames!
* * * LOW HITPOINT WARNING * * *
You are covered in liquid flames!
You die...

..........................
#
#######.#########.########
#))####..##..##.....# #.
#.#.#..##..##.#.##### #...
#†.###..##..## #.#...
#.#..##○.##.### #.#...
#..##..##..#..# ..##.
###..##..##)# # ###.##
###..##@.## #...
#..##..##.# #...
###..##..## #. ## ## ####
#... #.#. #..# ##.# ..


There were no monsters in sight!

Vanquished Creatures
  An ogre mage (D:10)
  2 deep elf magi (D:10)
  A queen bee (D:9)
  A hornet (D:7)
  2 hippogriffs
  3 yaks
  A hungry ghost (D:8)
  Duvessa (D:6)
  A soldier ant (D:10)
  A water moccasin (D:10)
  3 porcupines
  4 orc warriors
  4 black bears
  3 ice beasts
  A sky beast (D:6)
  A necrophage (D:10)
  2 wolves (D:8)
  A centaur (D:5)
  4 ogres
  2 crocodiles (D:8)
  2 bullfrogs
  A wyvern zombie (D:9)
  2 scorpions
  Dowan (D:6)
  14 killer bees (D:9)
  3 howler monkeys (D:8)
  A crimson imp (D:6)
  3 centaur zombies
  A bullfrog zombie (D:9)
  A jelly (D:10)
  3 centaur skeletons
  4 orc priests
  5 hounds
  A bullfrog skeleton (D:6)
  4 iguanas
  A worker ant (D:9)
  9 orc wizards
  2 killer bee zombies
  A hound zombie (D:6)
  5 adders
  5 shadow imps
  An ooze (D:2)
  An adder zombie (D:8)
  3 worms
  A dart slug (D:2)
  3 leopard geckos
  33 orcs
  5 giant cockroaches
  7 goblins
  10 hobgoblins
  13 jackals
  8 kobolds
  3 quokkas
  A ball python (D:2)
  4 bats
  7 frilled lizards
  4 rats
212 creatures vanquished.

Vanquished Creatures (collateral kills)
  Grinder (D:3)
  A hungry ghost (D:9)
  A basilisk (D:8)
  2 orc warriors (D:6)
  A black bear (D:7)
  2 ogres
  The ghost of UnDebs the Chiller, an amateur MfIE of Ashenzari (D:4)
  A killer bee (D:9)
  A howler monkey (D:4)
  A crimson imp (D:6)
  A centaur skeleton (D:8)
  An orc priest (D:6)
  A worker ant (D:8)
  A hound skeleton (D:7)
  3 orcs
19 creatures vanquished.

Vanquished Creatures (others)
  10 plants (D:9)
10 creatures vanquished.

Grand Total: 241 creatures vanquished

Notes
Turn   | Place    | Note
-------+----------+-------------------------------------------
     0 | D:1      | Garessta the Demonspawn Gladiator began the quest for the
                  | Orb.
     0 | D:1      | Reached XP level 1. HP: 16/16 MP: 1/1
   468 | D:1      | Gained mutation: A weak demonic guardian rushes to your
                  | aid. [demonic ancestry]
   468 | D:1      | Reached XP level 2. HP: 22/22 MP: 2/2
  1505 | D:2      | Found a shattered altar of Ashenzari.
  1573 | D:2      | Gained mutation: You are immune to rotting. [demonic
                  | ancestry]
  1573 | D:2      | Reached XP level 3. HP: 25/29 MP: 3/3
  2150 | D:3      | Noticed Grinder
  2176 | D:3      | Killed Grinder
  2176 | D:3      | Reached XP level 4. HP: 7/38 MP: 4/4
  2176 | D:3      | Gained mutation: You are partially covered in slimy green
                  | scales. (AC +2) [demonic ancestry]
  2176 | D:3      | Reached XP level 5. HP: 7/43 MP: 5/5
  2501 | D:3      | Reached skill level 5 in Fighting
  3079 | D:3      | Reached XP level 6. HP: 51/51 MP: 6/6
  3526 | D:4      | Found a stormy altar of Qazlal.
  3528 | D:4      | Found a shattered altar of Ashenzari.
  3541 | D:4      | Became a worshipper of Qazlal Stormbringer
  3552 | D:4      | Found an iron altar of Okawaru.
  3552 | D:4      | Found an opulent altar of Gozag.
  3582 | D:4      | Found a large runed translucent door.
  3582 | D:4      | Found a large runed translucent door.
  3593 | D:4      | Noticed UnDebs's ghost (amateur MfIE)
  4523 | D:4      | Reached skill level 1 in Invocations
  4709 | D:4      | Gained mutation: Your flesh is heat resistant. (rF+)
                  | [potion of mutation]
  4709 | D:4      | Gained mutation: You evolve. [potion of mutation]
  4750 | D:4      | Killed UnDebs's ghost
  4788 | D:4      | Lost mutation: You evolve. [potion of mutation]
  4788 | D:4      | Lost mutation: Your flesh is heat resistant. (rF+) [potion
                  | of mutation]
  4788 | D:4      | Gained mutation: You tend to lose your temper in combat.
                  | [potion of mutation]
  4788 | D:4      | Gained mutation: You have a pair of small antennae on your
                  | head. [potion of mutation]
  4788 | D:4      | Gained mutation: You are mostly covered in slimy green
                  | scales. (AC +3) [potion of mutation]
  4788 | D:4      | Gained mutation: Your mind is acute. (Int +2) [potion of
                  | mutation]
  4812 | D:4      | Reached skill level 1 in Armour
  4812 | D:4      | Reached XP level 7. HP: 47/58 MP: 8/8
  4825 | D:5      | Entered Level 5 of the Dungeon
  5103 | D:5      | Found a staircase to the Ecumenical Temple.
  5127 | Temple   | Entered the Ecumenical Temple
  6011 | D:5      | Found a shimmering blue altar of Sif Muna.
  6074 | D:6      | Reached skill level 5 in Long Blades
  6441 | D:6      | Reached XP level 8. HP: 65/65 MP: 10/10
  6449 | D:6      | Reached * piety under Qazlal
  6688 | D:6      | Found a sacrificial altar of Ru.
  6857 | D:6      | Noticed Duvessa
  6857 | D:6      | Noticed Dowan
  6862 | D:6      | Killed Dowan
  6869 | D:6      | Killed Duvessa
  6973 | D:6      | Found an opulent altar of Gozag.
  7538 | D:6      | HP: 1/67 [orc warrior/+0 battleaxe (21)]
  7862 | D:6      | Reached skill level 5 in Invocations
  8689 | D:7      | Found a snail-covered altar of Cheibriados.
  8709 | D:7      | Reached XP level 9. HP: 66/73 MP: 13/13
  8814 | D:7      | Reached ** piety under Qazlal
  8841 | D:7      | Found Jerogu's Distillery.
  8849 | D:7      | Bought a potion of mutation for 120 gold pieces
  8849 | D:7      | Lost mutation: You tend to lose your temper in combat.
                  | [potion of mutation]
  8849 | D:7      | Lost mutation: Your mind is acute. (Int +2) [potion of
                  | mutation]
  8849 | D:7      | Lost mutation: You have a pair of small antennae on your
                  | head. [potion of mutation]
  8849 | D:7      | Lost mutation: You are mostly covered in slimy green
                  | scales. (AC +3) [potion of mutation]
  8849 | D:7      | Gained mutation: You tend to lose your temper in combat.
                  | [potion of mutation]
  8849 | D:7      | Lost mutation: You tend to lose your temper in combat.
                  | [potion of mutation]
  8849 | D:7      | Gained mutation: Your body sometimes deteriorates upon
                  | taking damage. [potion of mutation]
  8849 | D:7      | Gained mutation: You have sharp toenails. [potion of
                  | mutation]
  8922 | D:7      | Found a hazy altar of Hepliaklqana.
  8979 | D:7      | Paralysed by a hornet for 3 turns
  9562 | D:8      | Found a hide-covered altar of Uskayaw.
  9694 | D:8      | Reached skill level 5 in Armour
 10385 | D:8      | HP: 3/75 [crocodile (10)]
 10719 | D:9      | Found Pibrite's Food Emporium.
 10760 | D:8      | Lost mutation: You have sharp toenails. [demonic ancestry]
 10760 | D:8      | Gained mutation: You have large cloven feet. [demonic
                  | ancestry]
 10760 | D:8      | Reached XP level 10. HP: 57/82 MP: 16/16
 11100 | D:9      | Found a staircase to the Lair.
 11513 | D:9      | Found a staircase to the Orcish Mines.
 11629 | D:9      | Found a roughly hewn altar of Beogh.
 13337 | D:10     | Entered Level 10 of the Dungeon
 13664 | D:10     | Noticed an ogre mage
 13760 | D:10     | Killed an ogre mage
 13918 | D:10     | Noticed a deep elf mage
 13946 | D:10     | Killed a deep elf mage
 14166 | D:10     | Reached skill level 10 in Invocations
 14166 | D:10     | Reached XP level 11. HP: 86/90 MP: 18/18
 14310 | D:10     | Reached skill level 10 in Fighting
 14310 | D:10     | Noticed a deep elf mage
 14314 | D:10     | HP: 4/90 [deep elf mage/bolt of fire (31)]
 14326 | D:10     | Killed a deep elf mage
 14328 | D:10     | HP: 3/90 [burnt (4)]
 14329 | D:10     | Incinerated by a deep elf mage

Illustrated notes

Levels and vault maps discovered:
D:1:      shiori_shiawase, layout_basic
D:2:      layout_basic, evilmike_ruin_ashenzari
D:3:      layout_loops_ring, first_ration, uniq_grinder
D:4:      layout_gridville, minitemple, ebering_ghost_disaster_area
D:5:      layout_cave_pods, minmay_temple_entry_crystal_x, lemuel_blue_sif_altar
D:6:      layout_loops_cross, hangedman_ru_absence, grunt_gozag_statues,
          uniq_duvessa
D:7:      layout_basic, kennysheep_little_box, nicolae_overflow_hidden_temple,
          cheibrodos_worm_habitat, serial_shops, shop_statue
D:8:      layout_cave_pools, old_standard_altar
D:9:      layout_basic, minmay_lair_entry_grove, minmay_orc_entry_temple_small,
          serial_shops, shop, david_nohive_1, kennysheep_boxes
D:10:     minmay_the_grid_4x2 [minmay_the_grid_spin_star,
          minmay_the_grid_stretched_grid, minmay_the_grid_paths,
          minmay_the_grid_embedded, minmay_the_grid_slots,
          minmay_the_grid_odd_star, minmay_the_grid_zigzag_pyramid,
          minmay_the_grid_prize_four_corners_diamond_a], layout_small_grid,
          nicolae_trove_entry_diagonal, special_room [special_room_orc],
          minmay_orc_keep
Temple:   nicolae_temple_figure_eight

Skill      XL: |  1  2  3  4  5  6  7  8  9 10 11 |
---------------+----------------------------------+-----
Long Blades    | 3 4 5 6 7 8 |  8.5
Fighting       | 3 4 5 6 7 8 9 10 | 10.0
Invocations    | 1 3 5 8 10 | 10.1
Armour         | 1 2 4 5 7 |  7.1
Throwing       | |  1.7
Dodging        | |  2.8

Action                   |  1- 3 |  4- 6 |  7- 9 | 10-12 || total
-------------------------+-------+-------+-------+-------++-------
Melee: Long sword        |   106 |   158 |   364 |   305 ||   933
       Kick              |       |       |    45 |    96 ||   141
Throw: Throwing net      |     3 |       |     1 |       ||     4
Invok: Upheaval          |       |       |     7 |     6 ||    13
  Use: Scroll            |       |     7 |     6 |     4 ||    17
       Potion            |       |     5 |     2 |     1 ||     8
 Stab: Sleeping          |     1 |       |       |       ||     1
       Distracted        |       |       |     1 |     1 ||     2
       Held in net/web   |       |       |     1 |       ||     1
  Eat: Chunk             |     4 |     9 |    12 |     9 ||    34
       Ration            |       |       |     2 |     1 ||     3
Armor: Leather armour    |    17 |       |       |       ||    17
       Ring mail         |    15 |    79 |    16 |       ||   110
       Chain mail        |       |       |    32 |       ||    32
       Plate armour      |       |       |   222 |   221 ||   443
Dodge: Dodged            |    89 |   103 |   153 |   121 ||   466
Block: Other             |       |       |    17 |    29 ||    46
       Rpst.: Long sword |    28 |    31 |    39 |    35 ||   133
